 Dungeon Crawl Stone Soup version bcrawl-1.21.3 (webtiles) character file.

Game seed: 15283018960841162724

761 Flugslaktarn the Fighter (level 7, 0/50 HPs)
             Began as a Skeleton Archaeologist on Mar 30, 2020.
             Slain by an ogre
             ... wielding a +0 giant club
              (17 damage)
             ... on level 4 of the Dungeon.
             The game lasted 00:02:57 (4397 turns).

Flugslaktarn the Fighter (Skeleton Archaeologist)   Turns: 4397, Time: 00:02:57

Health: 0/50       AC: 15    Str: 22    XL:     7   Next: 51%
Magic:  0/2        EV: 11    Int: 12    God:
Gold:   154        SH:  0    Dex:  7    Spells: 6/6 levels left

rFire    . . .     SeeInvis .   j - +2 whip (antimagic)
rCold    + . .     Gourm    .   (no shield)
rNeg     + + +     Faith    .   b - +0 scale mail
rPois    ∞         Spirit   +   f - +0 helmet
rElec    .         Reflect  .   w - +0 cloak
rCorr    .         Harm     .   h - +0 pair of gloves
MR       +....                  d - +1 pair of boots
Stlth    +.........             (no amulet)
HPRegen  0.16/turn              v - +2 ring of strength
MPRegen  0.08/turn              p - +2 ring of protection

@: studying Fighting
A: no food or potions, cold resistance 1, deterioration 1, negative energy
resistance 3, powered by death 1, torment resistance, unbreathing, magic shield,
sturdy frame 1, spell healing
a: no special abilities


You were on level 4 of the Dungeon.
You were not hungry.

You visited 1 branch of the dungeon, and saw 4 of its levels.

You collected 154 gold pieces.

Inventory:

Hand Weapons
 j - a +2 antimagic whip (weapon)
   (You took it off a kobold on level 2 of the Dungeon)
Missiles
 i - a throwing net (quivered) {!f}
Armour
 b - a +0 scale mail (worn)
   (You took it off a gnoll sergeant on level 4 of the Dungeon)
 d - a +1 pair of boots (worn)
 f - a +0 helmet (worn)
   (You took it off Robin on level 3 of the Dungeon)
 h - a +0 pair of gloves (worn)
   (You found it on level 1 of the Dungeon)
 l - a +0 ring mail
   (You found it on level 2 of the Dungeon)
 w - a +0 cloak (worn)
   (You found it on level 3 of the Dungeon)
Jewellery
 p - a +2 ring of protection (right hand)
   (You found it on level 1 of the Dungeon)
 v - a +2 ring of strength (left hand)
   (You found it on level 3 of the Dungeon)
Scrolls
 e - 2 scrolls of magic mapping
 m - 3 scrolls of fear
 n - 4 scrolls of fog
 q - a scroll of enchant armour
 t - 3 scrolls of teleportation
 u - 2 scrolls of noise
 x - a scroll of remove curse
 z - 2 scrolls of blinking
Books
 a - a manual of Fighting
   (You acquired it on level 2 of the Dungeon)


   Skills:
 + Level 8.4 Fighting
 - Level 1.2 Maces & Flails
 + Level 4.7 Armour
 - Level 3.0 Dodging
 - Level 3.6 Stealth


You had 6 spell levels left.
You didn't know any spells.
Your spell library was empty.

Dungeon Overview and Level Annotations

Branches:
Dungeon (4/12)
 Temple: D:4-7

Altars:


Innate Abilities, Weirdness & Mutations

You do not eat or drink.
You are immune to poison.
Your flesh is cold resistant. (rC+)
Your body sometimes deteriorates upon taking damage.
You are immune to negative energy. (rN+++)
You regenerate a little health from kills.
You are immune to unholy pain and torment.
You can survive without breathing.
When hurt, damage is shared between your health and your magic reserves.
Your movements are slightly less encumbered by armour. (ER -2)
Casting spells heals you.


Message History

Blork the orc's magic leaks into the air.
Blork the orc is almost dead.
Blork the orc zaps a wand.
You resist with almost no effort.
Blork the orc hits you but does no damage.
You hit Blork the orc but do no damage.
Blork the orc is almost dead.
Blork the orc misses you.
You hit Blork the orc.
Blork the orc's magic leaks into the air.
Blork the orc is almost dead.
Blork the orc hits you but does no damage.
Blork the orc hits you with a +0 long sword.
You closely miss Blork the orc.
Blork the orc is almost dead.
Blork the orc hits you but does no damage.
You hit Blork the orc.
You kill Blork the orc!
You barely miss the ogre.
The ogre hits you with a +0 giant club!!
You die...

..##..#.)....#.#####......
...............#####.....#.
....#...######.#.#......##
. ... ##..## ##..#...#...##
....#....###...)..##...#
....##....#......## ...
#..#####....###.# ....#
#....#..#### #.##.....#
###...##.#### #@.......#
...##.#..##.# ##O#......#
#...........###..#.......
.....##.##..##...##.....#
.....#####..##.##).##.##
#.#...####...#........# #
#..............##>..#
#...........##.## #.>#
#............##..# #..#


You could see an ogre.

Vanquished Creatures
  Menkaure (D:4)
  A necrophage (D:3)
  Blork the orc (D:4)
  A gnoll sergeant (D:4)
  A crimson imp (D:4)
  A hound (D:4)
  An orc priest (D:4)
  An iguana (D:2)
  Ijyb (D:4)
  2 orc wizards (D:3)
  Robin (D:3)
  9 adders
  3 oozes
  A worm (D:3)
  3 dart slugs
  3 leopard geckos
  11 orcs
  3 bats
  2 giant cockroaches
  5 goblins
  9 hobgoblins
  8 jackals (D:2)
  8 kobolds
  A quokka (D:3)
  5 ball pythons
  6 frilled lizards
  13 rats
102 creatures vanquished.

Notes
Turn   | Place    | Note
-------+----------+-------------------------------------------
     0 | D:1      | Flugslaktarn the Skeleton Archaeologist began the quest for
                  | the Orb.
     0 | D:1      | Reached XP level 1. HP: 12/12 MP: 1/1
   220 | D:1      | Reached skill level 2 in Fighting
   323 | D:1      | Reached XP level 2. HP: 17/17 MP: 2/2
   976 | D:2      | Reached skill level 3 in Fighting
   984 | D:2      | Reached XP level 3. HP: 21/23 MP: 3/3
  1436 | D:2      | Reached skill level 4 in Fighting
  1436 | D:2      | Reached XP level 4. HP: 25/29 MP: 4/4
  2186 | D:3      | Reached skill level 5 in Fighting
  2186 | D:3      | Reached XP level 5. HP: 17/35 MP: 1/5
  2186 | D:3      | Identified a scroll of acquirement
  2618 | D:3      | Noticed Robin
  2632 | D:3      | Killed Robin
  2646 | D:3      | Reached skill level 1 in Armour
  2925 | D:3      | Noticed a necrophage
  2951 | D:3      | Killed a necrophage
  2951 | D:3      | Reached skill level 6 in Fighting
  2951 | D:3      | Gained mutation: You regenerate a little health from kills.
                  | [Skeleton growth]
  2951 | D:3      | Reached XP level 6. HP: 37/42 MP: 2/6
  3773 | D:4      | Noticed Menkaure
  3914 | D:4      | Reached skill level 7 in Fighting
  4003 | D:4      | Killed Menkaure
  4003 | D:4      | Reached XP level 7. HP: 44/48 MP: 2/7
  4176 | D:4      | Reached skill level 8 in Fighting
  4348 | D:4      | Noticed Ijyb
  4373 | D:4      | Noticed Blork the orc
  4383 | D:4      | Killed Ijyb
  4396 | D:4      | Killed Blork the orc
  4397 | D:4      | Slain by an ogre

Skill      XL: |  1  2  3  4  5  6  7 |
---------------+----------------------+-----
Fighting       | 2 3 4 5 6 7 8 |  8.4
Armour         | 2 4 |  4.7
Maces & Flails | |  1.2
Dodging        | |  3.0
Stealth        | |  3.6

Action                   |  1- 3 |  4- 6 |  7- 9 || total
-------------------------+-------+-------+-------++-------
Melee: Whip              |   173 |   320 |    71 ||   564
  Use: Scroll            |       |     8 |       ||     8
 Stab: Sleeping          |     4 |     3 |       ||     7
Armor: Robe              |    74 |       |       ||    74
       Ring mail         |    11 |   155 |     5 ||   171
       Scale mail        |       |       |    15 ||    15
Dodge: Dodged            |   132 |   211 |    24 ||   367
